 Dungeon Crawl Stone Soup version 0.31-a0-1161-g593ecc88b7 (webtiles) character file.

Game seed: 1829388878268025126

13777 Maratek the Fighter (level 12, -5/112 HPs)
             Began as a Hill Orc Fighter on Dec 8, 2023.
             Was a High Priest of Beogh.
             Killed by divine providence
             ... invoked by a smoke demon
             ... summoned by an orc sorcerer
             ... led by an orc warlord
              (16 damage)
             ... on level 2 of the Orcish Mines.
             The game lasted 00:19:24 (8610 turns).

Maratek the Fighter (Hill Orc Fighter)              Turns: 8610, Time: 00:19:24

Health: -5/112     AC: 22    Str: 27    XL:     12   Next: 9%
Magic:  12/12      EV: 11    Int: 13    God:    Beogh [*****.]
Gold:   3695       SH: 18    Dex: 10    Spells: 11/11 levels left

rFire   . . .        p - +7 spear "Xoloch" {venom, Str+5 Int+3}
rCold   . . .        i - +3 tower shield
rNeg    . . .        y - +0 plate armour
rPois   .            s - +0 helmet
rElec   .            D - +1 cloak
rCorr   .            (no gloves)
SInv    .            h - +2 pair of boots {Stlth+}
Will    +....        b - amulet of faith Stlth
                     n - ring of willpower
HPRegen 0.38/turn    x - +5 ring of evasion
MPRegen 0.13/turn

%: faith
@: no status effects
A: walk on water
a: Renounce Religion, Smiting, Recall Orcish Followers, Give Item to Named
Follower


You were on level 2 of the Orcish Mines.
You worshipped Beogh.
Beogh was extremely pleased with you.
You visited 2 branches of the dungeon, and saw 15 of its levels.

You collected 4319 gold pieces.
You spent 624 gold pieces at shops.

Inventory:

Hand Weapons
 p - the +7 spear "Xoloch" (weapon) {venom, Str+5 Int+3}
   (You acquired it on level 4 of the Dungeon)

   Str+5:     It affects your strength (+5).
   Int+3:     It affects your intelligence (+3).
Missiles
 k - 2 throwing nets
Armour
 h - a +2 pair of boots of stealth (worn)
 i - a +3 tower shield (worn)
 s - a +0 helmet (worn)
 y - a +0 plate armour (worn)
 D - a +1 cloak (worn)
Jewellery
 b - an amulet of faith (around neck)
 g - an amulet of the acrobat
 n - a ring of willpower (left hand)
 u - a ring of protection from cold
 w - a +6 ring of dexterity
 x - a +5 ring of evasion (right hand)
Wands
 m - a wand of iceblast (18)
 B - a wand of mindburst (7)
Scrolls
 q - a scroll of fear
 z - 2 scrolls of immolation
 C - a scroll of butterflies
Potions
 a - 2 potions of degeneration
 c - a potion of ambrosia
 e - 2 potions of magic
 l - 2 potions of brilliance
 o - 2 potions of resistance {unknown}
 r - 2 potions of lignification {unknown}
 t - a potion of heal wounds {unknown}
 v - 2 potions of might
 A - a potion of haste {unknown}


   Skills:
 * Level 12.1 Fighting
 - Level 4.3(8.9) Axes
 * Level 10.1(10.4) Polearms
 * Level 11.1 Armour
 * Level 11.1 Shields


You had 11 spell levels left.
You didn't know any spells.
Your spell library contained the following spells:

 Spells                   Type           Power      Damage    Failure   Level
 Necrotise                Necr           0%         1d4       100%        1
 Summon Small Mammal      Summ           0%         N/A       100%        1
 Cigotuvi's Dreadful Rot  Necr/Pois/Air  0%         N/A       100%        2
 Wereblood                Tmut           0%         N/A       100%        2
 Call Canine Familiar     Summ           0%         N/A       100%        3
 Hailstorm                Conj/Ice       0%         3d5       100%        3
 Ignite Poison            Fire/Tmut/Pois 0%         N/A       100%        3
 Summon Guardian Golem    Hex/Summ       0%         N/A       100%        3
 Vampiric Draining        Necr           0%         2d6       100%        3
 Summon Ice Beast         Ice/Summ       0%         N/A       100%        4
 Agony                    Necr           0%         N/A       100%        5
 Freezing Cloud           Conj/Ice/Air   0%         6-21      100%        5
 Irradiate                Conj/Tmut      0%         3d11      100%        5
 Simulacrum               Ice/Necr       0%         N/A       100%        6
 Orb of Destruction       Conj           0%         9d5       100%        7
 Spellforged Servitor     Conj/Summ      0%         N/A       100%        7


Dungeon Overview and Level Annotations

Branches:
Dungeon (13/15)            Temple (0/1) D:4            Lair (0/5) D:11
    Orc (2/2) D:11            Elf (0/3) Orc:2
 Vaults: D:13-14

Altars:
Fedhas
Makhleb
Nemelex Xobeh
Ru
Sif Muna
Uskayaw
Vehumet
Xom
Zin
Beogh

Shops:
D:2 !   D:6 ?(!!?

Annotations:
D:7 3 runed translucent doors, Dirtsage's ghost, novice OpSh; Graknight's ghost, novice AtFi; NigelTetley's ghost, novice FoFi; nago's ghost, novice DjDe
Orc:2 Nergalle


Message History

Something smites you!
The hellwing swoops through the air toward you!
The hellwing completely misses you. You block the hellwing's attack.
The orc sorcerer gestures wildly while chanting.
You swap places.
Your orc high priest no longer looks unusually strong.
The orc knight roars a battlecry!
The orcs go into a battle-frenzy!
The hellwing hits your orc wizard but does no damage.
The hellwing barely misses your orc wizard.
You block the two-headed ogre's attack. x2
Items here: )))) [[[ ††.
You hit the two-headed ogre.
The two-headed ogre is poisoned.
The two-headed ogre is lightly wounded.
Unknown command.
You puncture the two-headed ogre!
The two-headed ogre looks as sick as possible!
The two-headed ogre is moderately wounded.
The hellwing disappears in a puff of smoke!
The two-headed ogre hits you with a +0 giant spiked club!!
* * * LOW HITPOINT WARNING * * *
The two-headed ogre hits you with a +0 giant spiked club!
* * * LOW HITPOINT WARNING * * *
Your orc wizard gestures at thin air while chanting.
The puff of flame hits the orc knight but does no damage.
Your orc wizard's attack snaps the orc knight out of its fear.
Your orc high priest mumbles some strange prayers to Beogh.
The orc warlord roars a battlecry!
The orc knight roars a battlecry!
The orc knight unwields a +0 arbalest.
The orc knight wields a +0 halberd.
You block the orc knight's attack.
Your orc wizard closely misses the orc knight.
You swap places.
Your orc hits the orc knight with a +0 club.
Your orc hits the two-headed ogre with a +0 dagger.
Your orc wizard hits the orc knight but does no damage.
Your orc high priest barely misses the two-headed ogre.
Your orc wizard hits the orc knight but does no damage.
The smoke demon gestures at you. Something smites you!
You die...

##....# #...#
#..### ##..#
#.)).##### ##.#
# ##.....#.##
###
..#.##.#.......#
#........#...#.
.....#..........
..............#.
.....##o@4...##
##### #oooo^##
#8Ooo8# #o4)o.#
#.3.).# #...o)#
....).. ))))Oo..
..).......


You could see an orc warlord (strong), 2 orc knights, 2 two-headed ogres, a rust
devil (summoned), a smoke demon (summoned), an orc sorcerer (strong), a friendly
orc high priest (very poisoned), a friendly rust devil (summoned), 2 friendly
orc wizards and 4 friendly orcs.

Vanquished Creatures
  3 death yaks (D:11)
  An ugly thing (D:8)
  A manticore (D:12)
  Maggie (D:7)
  Jeremiah (D:7)
  A kobold demonologist (D:11)
  2 trolls
  A hornet (D:9)
  3 slime creatures (D:13)
  2 wyverns
  A wraith (D:11)
  3 steam dragons
  16 yaks
  4 vampire mosquitoes (D:13)
  A basilisk (D:11)
  3 water moccasins
  5 orc warriors
  A black bear (D:4)
  3 ice beasts
  4 ogres
  2 sky beasts
  10 centaurs
  2 kobold brigands
  3 bullfrogs
  4 scorpions
  9 wights
  5 killer bees (D:9)
  2 hounds (D:6)
  3 jellies
  5 orc priests
  3 sleepcaps
  2 iguanas
  14 orc wizards
  6 gnolls
  4 adders
  2 shadow imps
  3 white imps
  4 ufetubi
  2 worms
  3 dart slugs
  27 orcs
  5 endoplasms
  5 giant cockroaches
  6 goblins
  3 hobgoblins
  2 jackals (D:1)
  11 kobolds
  6 quokkas
  4 bats (D:1)
  A frilled lizard (D:1)
  5 rats
220 creatures vanquished.

Vanquished Creatures (collateral kills)
  A two-headed ogre (Orc:2)
  A troll (Orc:1)
  A wraith (D:11)
  2 shadows (D:9)
  2 yaks (D:11)
  4 orc warriors
  2 ogres (Orc:2)
  A centaur (D:8)
  A bullfrog (D:9)
  A killer bee (D:9)
  3 orc priests
  2 orc wizards
  20 orcs
  2 kobolds (D:9)
43 creatures vanquished.

Vanquished Creatures (others)
  3 orc wizards
  10 orc warriors
  5 orc priests
  A gnoll (D:4)
  43 orcs
  An endoplasm (D:4)
  A giant cockroach (D:4)
  A kobold (D:4)
65 creatures vanquished.

Grand Total: 328 creatures vanquished

Notes
Turn   | Place    | Note
-------+----------+-------------------------------------------
     0 | D:1      | Maratek the Hill Orc Fighter began the quest for the Orb.
     0 | D:1      | Reached XP level 1. HP: 19/19 MP: 1/1
    69 | D:1      | Reached XP level 2. HP: 27/27 MP: 2/2
   215 | D:1      | Reached skill level 4 in Fighting
   294 | D:1      | Reached XP level 3. HP: 33/33 MP: 3/3
   646 | D:2      | Found Isemim's Distillery.
  1819 | D:3      | Identified 3 scrolls of acquirement
  1819 | D:3      | Acquired 1190 gold pieces
  1821 | D:3      | Acquired a +2 pair of boots of stealth
  1828 | D:3      | Acquired 915 gold pieces
  1838 | D:4      | Became a worshipper of Beogh the Brigand
  1843 | D:4      | Reached XP level 4. HP: 28/40 MP: 1/4
  1912 | D:4      | Noticed a black bear
  1922 | D:4      | Killed a black bear
  1923 | D:4      | Reached XP level 5. HP: 32/47 MP: 1/5
  2031 | D:4      | Found a hide-covered altar of Uskayaw.
  2083 | D:4      | Found a staircase to the Ecumenical Temple.
  2125 | D:4      | Acquired the +7 spear "Xoloch" {venom, Str+5 Int+3}
  2199 | D:4      | Reached skill level 5 in Fighting
  2199 | D:4      | Reached XP level 6. HP: 23/56 MP: 6/6
  2202 | D:4      | Reached * piety under Beogh
  2203 | D:4      | Reached skill level 1 in Polearms
  2327 | D:4      | Found a radiant altar of Vehumet.
  2356 | D:4      | Found a sacrificial altar of Ru.
  2370 | D:4      | Found a shimmering altar of Xom.
  2607 | D:5      | Entered Level 5 of the Dungeon
  2609 | D:5      | Noticed a water moccasin
  2618 | D:5      | Killed a water moccasin
  2619 | D:5      | Reached skill level 5 in Armour
  2619 | D:5      | Reached skill level 5 in Shields
  2651 | D:5      | Reached XP level 7. HP: 61/61 MP: 7/7
  2767 | D:5      | Reached skill level 6 in Fighting
  2808 | D:5      | Reached XP level 8. HP: 61/71 MP: 8/8
  2934 | D:5      | Reached ** piety under Beogh
  3268 | D:6      | Found Ysa Ydy's Distillery.
  3318 | D:6      | Found Jufathoi's Antique Weapon Emporium.
  3346 | D:6      | Reached skill level 7 in Fighting
  3363 | D:6      | Found Unat's Distillery.
  3621 | D:6      | Found Abas's Magic Scroll Boutique.
  3632 | D:6      | Reached skill level 5 in Polearms
  3635 | D:6      | Reached XP level 9. HP: 57/79 MP: 9/9
  3821 | D:6      | Found Ullohan's Magic Scroll Shop.
  3824 | D:6      | Bought a scroll of acquirement for 624 gold pieces
  3826 | D:6      | Acquired 1274 gold pieces
  3921 | D:6      | Found a glowing silver altar of Zin.
  3921 | D:6      | Noticed an angel
  4083 | D:7      | Noticed Maggie
  4094 | D:7      | Reached skill level 8 in Fighting
  4108 | D:7      | Killed Maggie
  4179 | D:7      | Reached *** piety under Beogh
  4518 | D:7      | Found a runed translucent gate.
  4518 | D:7      | Found a runed translucent gate.
  4518 | D:7      | Found a runed translucent gate.
  4519 | D:7      | Noticed Dirtsage's ghost (novice OpSh)
  4520 | D:7      | Noticed NigelTetley's ghost (novice FoFi)
  4520 | D:7      | Noticed Graknight's ghost (novice AtFi)
  4520 | D:7      | Noticed nago's ghost (novice DjDe)
  4549 | D:7      | Found a sparkling altar of Nemelex Xobeh.
  4617 | D:7      | Reached skill level 9 in Fighting
  4675 | D:7      | Noticed Jeremiah
  4692 | D:7      | Killed Jeremiah
  4693 | D:7      | Reached XP level 10. HP: 49/91 MP: 10/10
  5664 | D:8      | Noticed a brown ugly thing
  5675 | D:8      | Killed a brown ugly thing
  5685 | D:8      | Reached skill level 10 in Fighting
  5865 | D:8      | Found a roughly hewn altar of Beogh.
  5888 | D:8      | Reached **** piety under Beogh
  6158 | D:8      | Found a blossoming altar of Fedhas.
  6275 | D:9      | Gained Gorg as an ally
  6573 | D:9      | Reached XP level 11. HP: 81/101 MP: 11/11
  6775 | D:9      | Found a shimmering blue altar of Sif Muna.
  6918 | D:10     | Entered Level 10 of the Dungeon
  6950 | D:10     | You fall into a shaft and drop 3 floors!
  7163 | D:12     | Noticed a wolf spider
  7163 | D:12     | Noticed a wolf spider
  7163 | D:12     | Noticed a green death
  7168 | D:12     | Found a burning altar of Makhleb.
  7171 | D:12     | Your ally Gorg died
  7173 | D:12     | Noticed a manticore
  7181 | D:12     | Killed a manticore
  7182 | D:12     | Reached skill level 10 in Armour
  7182 | D:12     | Reached skill level 10 in Shields
  7260 | D:12     | Noticed a green ugly thing
  7499 | D:12     | Reached skill level 11 in Fighting
  7507 | D:12     | Reached ***** piety under Beogh
  7572 | D:11     | Noticed a soul eater
  7728 | D:11     | Noticed a death yak
  7729 | D:11     | Found a staircase to the Lair.
  7729 | D:11     | Noticed a death yak
  7730 | D:11     | Noticed a death yak
  7747 | D:11     | Killed a death yak
  7769 | D:11     | Killed a death yak
  7789 | D:11     | Killed a death yak
  8275 | D:11     | Found a staircase to the Orcish Mines.
  8281 | D:11     | Gained Harm as an ally
  8306 | Orc:1    | Entered Level 1 of the Orcish Mines
  8442 | Orc:2    | Entered Level 2 of the Orcish Mines
  8444 | Orc:2    | Found a staircase to the Elven Halls.
  8448 | Orc:2    | Reached XP level 12. HP: 99/112 MP: 12/12
  8569 | Orc:2    | Reached skill level 12 in Fighting
  8575 | Orc:2    | Noticed a two-headed ogre
  8581 | Orc:2    | Noticed a sun demon
  8582 | Orc:2    | Reached skill level 10 in Polearms
  8583 | Orc:2    | Noticed an orc high priest
  8584 | Orc:2    | Noticed a two-headed ogre
  8588 | Orc:2    | Killed a two-headed ogre
  8588 | Orc:2    | Noticed an orc warlord
  8592 | Orc:2    | Noticed a two-headed ogre
  8596 | Orc:2    | Noticed Nergalle
  8598 | Orc:2    | Your ally Harm died
  8600 | Orc:2    | Noticed a two-headed ogre
  8610 | Orc:2    | Killed from afar by a smoke demon

Illustrated notes

Levels and vault maps discovered:
D:1:      dpeg_arrival_tiny_f, layout_rooms
D:2:      layout_basic, serial_shops, nicolae_shop_window_shopping
D:3:      layout_loops_corners
D:4:      layout_rooms, mainiacjoe_overflow_chevrons, hangedman_ru_absence,
          mainiacjoe_overflow_large_starburst, minmay_temple_entry_slanted,
          grunt_ministairs_11
D:5:      layout_rooms
D:6:      layout_cave_pools, zin_angel, serial_shops, nicolae_shop_statue_plus,
          nicolae_take_the_stairs, kennysheep_mini_moat,
          nicolae_shop_tiny_real_fake_doors, shop
D:7:      layout_rooms, nemelex_diamond_rough_becter, gammafunk_ghost_cemetery,
          uniq_maggie, uniq_jeremiah
D:8:      layout_cave_pools, fedhas_altar_decomposition, special_room
          [special_room_orc]
D:9:      layout_cave_pools, marbit_many_paths, special_room [special_room_orc],
          solitary_fountain
D:10:     kennysheep_spiral_hall, layout_basic, mainiacjoe_overflow_alcove_2,
          uniq_maurice, uniq_urug
D:11:     layout_loops_ring, dpeg_lair_monsters, david_orc_3, serial_glass,
          glass_columns_a, glass_columns_a, glass_columns_c, serial_shops,
          nicolae_stop_n_shop_2
D:12:     regret_index_makhleb_lecture_halls, layout_basic, feat_on_display
D:13:     layout_roguey, david_vaults_4, ebering_ghost_disaster_area,
          serial_shops, nicolae_stop_n_shop_2
Orc:1:    layout_diamond_mine
Orc:2:    grunt_orc_cross, layout_diamond_mine, mines1_david

Skill      XL: |  1  2  3  4  5  6  7  8  9 10 11 12 |
---------------+-------------------------------------+-----
Axes           | 3 4 |  4.3
Fighting       | 4 5 6 7 9 10 11 12 | 12.1
Armour         | 4 5 6 8 9 10 11 | 11.1
Shields        | 4 5 6 8 9 10 11 | 11.1
Polearms       | 2 3 5 6 8 9 10 | 10.1

Action                     |  1- 3 |  4- 6 |  7- 9 | 10-12 || total
---------------------------+-------+-------+-------+-------++-------
  Melee: War axe           |   126 |    19 |       |       ||   145
         Spear             |       |    41 |   243 |   440 ||   724
 Invoke: Convert to Beogh  |     1 |       |       |       ||     1
         Recall Orcish Fol |       |       |       |     3 ||     3
         Give Item to Name |       |       |       |     1 ||     1
    Use: Scroll            |     6 |     3 |     9 |     8 ||    26
         Potion            |       |     1 |     1 |     2 ||     4
   Stab: Distracted        |       |       |       |     1 ||     1
 Armour: Scale mail        |    51 |       |       |       ||    51
         Chain mail        |    55 |    36 |    35 |       ||   126
         Plate armour      |       |       |   124 |   201 ||   325
  Dodge: Dodged            |    61 |    19 |    64 |   115 ||   259
  Block: Buckler           |    28 |       |       |       ||    28
         Tower shield      |       |    36 |   181 |   386 ||   603

Table legend: (Time is in decaauts)
 A = Elapsed time spent in this place.
 B = Non-inter-level travel time spent in this place.
 C = Inter-level travel time spent in this place.
 D = Time resting spent in this place.
 E = Time spent auto-exploring this place.
 F = Levels seen in this place.
 G = Mean time per level.
                   A        B        C        D        E       F      G
               +--------+--------+--------+--------+--------+-----+--------+
         Total |   8611 |   8341 |    270 |    471 |   6062 |  15 |  574.1 |
       Dungeon |   8320 |   8050 |    270 |    471 |   5860 |  13 |  640.0 |
  Orcish Mines |    291 |    291 |      0 |      0 |    202 |   2 |  145.5 |
               +--------+--------+--------+--------+--------+-----+--------+

Top non-repeatable levels by time:
     D:7: 1407 daAuts
     D:3: 838 daAuts
     D:6: 817 daAuts
     D:4: 787 daAuts
     D:8: 763 daAuts
    D:11: 714 daAuts
     D:9: 689 daAuts
     D:5: 629 daAuts
     D:1: 563 daAuts
     D:2: 480 daAuts
    D:12: 393 daAuts
    D:13: 202 daAuts
   Orc:2: 159 daAuts
   Orc:1: 132 daAuts
    D:10: 31 daAuts
